 Dungeon Crawl Stone Soup version 0.26.0-18-gc5c842f807 (webtiles) character file.

Game seed: 384479631181645928

49 Cazemata the Chopper (level 3, 0/46 HPs)
             Began as a Minotaur Berserker on Jan 22, 2021.
             Was a Follower of Trog.
             Slain by a gnoll
             ... wielding a +0 spear
              (7 damage)
             ... on level 2 of the Dungeon.
             The game lasted 00:02:29 (1525 turns).

Cazemata the Chopper (Minotaur Berserker)           Turns: 1525, Time: 00:02:30

Health: 0/46       AC:  3    Str: 21    XL:     3   Next: 51%
Magic:  2/2        EV: 12    Int:  5    God:    Trog [*.....]
Gold:   85         SH:  0    Dex:  9    Spells: 2/2 levels left

rFire    . . .     SeeInvis .   a - +0 hand axe
rCold    . . .     Faith    .   (no shield)
rNeg     . . .     Spirit   .   b - +0 animal skin
rPois    .         Reflect  .   (helmet restricted)
rElec    .         Harm     .   n - +0 cloak
rCorr    .         Rampage  .   (no gloves)
Will     .....                  (no boots)
Stlth    ..........             (no amulet)
HPRegen  0.15/turn              (no ring)
MPRegen  0.08/turn              (no ring)

@: berserking, very quick
A: retaliatory headbutt, horns 2
a: Renounce Religion, Berserk


You were on level 2 of the Dungeon.
You worshipped Trog.
Trog was aware of your devotion.
You visited 1 branch of the dungeon, and saw 2 of its levels.

You collected 85 gold pieces.

Inventory:

Hand Weapons
 a - a +0 hand axe (weapon)
Armour
 b - a +0 animal skin (worn)
 n - a +0 cloak (worn)
Jewellery
 l - a cursed -4 ring of protection {unknown}
Scrolls
 d - a scroll of identify {unknown}
 h - 2 scrolls of remove curse {unknown}
 i - 2 scrolls of enchant weapon {unknown}
 k - 2 scrolls of teleportation {unknown}
 p - a scroll of noise {unknown}
 q - a scroll of blinking {unknown}
Potions
 c - a potion of haste {unknown}
 e - a potion of invisibility {unknown}
 f - 2 potions of resistance {unknown}
 g - 4 potions of curing {unknown}
 j - a potion of brilliance {unknown}
 m - 2 potions of mutation {unknown}
 o - a potion of lignification {unknown}


   Skills:
 - Level 3.6 Fighting
 * Level 5.5 Axes
 - Level 2.4 Armour
 - Level 2.1 Dodging


You had 2 spell levels left.
You didn't know any spells.
Your spell library was empty.

Dungeon Overview and Level Annotations

Branches:
Dungeon (2/15)

Altars:


Innate Abilities, Weirdness & Mutations

You reflexively headbutt those who attack you in melee.
You have a pair of horns on your head.


Message History

The worm bites you. The gnoll closely misses you. x2
You barely miss the worm. You headbutt the worm.
The worm is heavily wounded.
The gnoll hits you but does no damage.
The gnoll hits you from afar with a +0 spear.
A kobold comes into view. It is wielding a +0 club.
The worm bites you.
You hit the worm. You headbutt the worm.
You kill the worm!
Trog accepts your kill.
The gnoll hits you from afar with a +0 spear. x2
* * * LOW HITPOINT WARNING * * *
The kobold throws a stone.
The stone hits you but does no damage.
You are too injured to fight recklessly!
A red film seems to cover your vision as you go berserk!
You feel yourself moving faster!
You feel mighty! The gnoll hits you with a +0 whip.
* * * LOW HITPOINT WARNING * * *
The gnoll hits you from afar with a +0 spear!
You die...

..........# #.# .
.#.##.....## #.# $
...#.......###.#.#
.....##.##..##.#.#
†###........##.#.#
..##....#...##...#
..<..........#..#
...............######
.........#......@†[.#
.........##....†g...#
................gg..#
.......#.##.........#
.#...... .......w.g.#
..##..................
.............K.
..^..........##


You could see a worm, 4 gnolls and a kobold.

Vanquished Creatures
  An adder (D:2)
  An ooze (D:1)
  2 worms (D:2)
  3 dart slugs (D:1)
  3 giant cockroaches
  4 goblins (D:1)
  2 hobgoblins
  2 kobolds (D:2)
  3 bats (D:1)
  2 frilled lizards
  A rat (D:2)
24 creatures vanquished.

Notes
Turn   | Place    | Note
-------+----------+-------------------------------------------
     0 | D:1      | Cazemata the Minotaur Berserker began the quest for the
                  | Orb.
     0 | D:1      | Reached XP level 1. HP: 19/19 MP: 0/0
   250 | D:1      | Reached skill level 4 in Axes
   250 | D:1      | Reached XP level 2. HP: 21/26 MP: 1/1
   719 | D:1      | Reached skill level 5 in Axes
  1304 | D:2      | Reached XP level 3. HP: 24/31 MP: 2/2
  1525 | D:2      | Slain by a gnoll

Illustrated notes

Levels and vault maps discovered:
D:1:      dpeg_arrival_ternary, layout_basic,
          hangedman_abyss_or_decor_lesser_grid, serial_bayou_pond_a,
          serial_bayou_pond_b, corexii_item_surrounded_by_moat, corner_web_ring,
          minmay_octomino_c4
D:2:      layout_rooms, bloody_trog, uniq_terence

Skill      XL: |  1  2 |
---------------+-------+-----
Axes           | 4 5 |  5.5
Fighting       | |  3.6
Armour         | |  2.4
Dodging        | |  2.1

Action                   || total
-------------------------++-------
Melee: Hand axe          ||    64
       Headbutt          ||    11
Invok: Berserk           ||     1
Armor: Animal skin       ||     9
Dodge: Dodged            ||    48
